 Dungeon Crawl Stone Soup version 0.27-a0-869-g165b36e3f0 (webtiles) character file.

Game seed: 17846376958331491354

700 robertstho the Magician (level 7, -5/49 HPs)
             Began as a Djinni Fire Elementalist on Apr 2, 2021.
             Was an Initiate of Gozag.
             Killed from afar by Dowan (18 damage)
             ... with a stone arrow
             ... on level 4 of the Dungeon.
             The game lasted 00:06:05 (4934 turns).

robertstho the Magician (Djinni Fire Elementalist)  Turns: 4934, Time: 00:06:07

Health: -5/49      AC:  3    Str:  7    XL:     7   Next: 65%
Gold:   235        EV: 12    Int: 18    God:    Gozag SH:  0 Dex: 14

rFire    + + .     SeeInvis +   o - +1 dagger (venom)
rCold    x . .     Faith    .   (no shield)
rNeg     . . .     Spirit   .   a - +0 robe
rPois    ∞         Reflect  .   n - +0 helmet
rElec    .         Harm     .   (no cloak)
rCorr    .         Rampage  .   (no gloves)
Will     .....                  (boots unavailable)
Stlth    ++........             (no amulet)
HPRegen  0.16/turn              l - ring of see invisible
MPRegen  0.00/turn              (no ring)

@: gold aura, flying
A: fire resistance 2, cold vulnerability 1, float, innate caster, hp casting,
extra vitality 1
a: Renounce Religion, Potion Petition, Call Merchant, Bribe Branch


You were on level 4 of the Dungeon.
You worshipped Gozag.
Gozag was aware of your devotion.
You visited 1 branch of the dungeon, and saw 4 of its levels.

You collected 305 gold pieces.
You paid 70 gold pieces to Gozag.

Inventory:

Hand Weapons
 c - a +1 short sword of freezing
 f - a +0 short sword of holy wrath
 o - a +1 dagger of venom (weapon)
Armour
 a - a +0 robe (worn)
 n - a +0 helmet (worn)
Jewellery
 l - a ring of see invisible (left hand)
 q - a ring of flight
Wands
 b - a wand of digging (1)
 i - a wand of iceblast (8)
Scrolls
 m - a scroll of immolation
Potions
 d - a potion of resistance
 g - a potion of flight {unknown}
 h - a potion of degeneration {unknown}
 j - a potion of cancellation {unknown}
 k - a potion of mutation {unknown}
 p - a potion of ambrosia {unknown}
 r - a potion of heal wounds {unknown}
 s - a potion of brilliance {unknown}


   Skills:
 * Level 2.6 Fighting
 + Level 0.9 Short Blades
 + Level 2.8 Dodging
 + Level 2.4 Stealth
 * Level 6.4 Spellcasting


You couldn't memorise any spells.
You knew the following spells:

 Your Spells              Type           Power      Damage    Failure   Level
a - Foxfire               Conj/Fire      100%       2x1d9     1%          1
b - Conjure Flame         Conj/Fire      28%        6-21      2%          3
c - Inner Flame           Hex/Fire       28%        N/A       2%          3
d - Sticky Flame          Conj/Fire      28%        2d5       9%          4
e - Fireball              Conj/Fire      14%        3d8       22%         5
f - Animate Skeleton      Necr           56%        N/A       1%          1
g - Ensorcelled Hibernat  Hex/Ice        56%        N/A       1%          2
h - Ozocubu's Armour      Ice            28%        N/A       2%          3
Your spell library was empty.

Dungeon Overview and Level Annotations

Branches:
Dungeon (4/15)
 Temple: D:4-7

Altars:
Elyvilon
Gozag
Hepliaklqana
Zin

Annotations:
D:4 Dowan


Innate Abilities, Weirdness & Mutations

You are immune to poison.
Your flesh is very heat resistant. (rF++)
You are vulnerable to cold. (rC-)
You float through the air rather than walking.
You learn spells naturally, not from books.
Your magical power is your life essence.
You have superior vitality. (+4 HP)


Message History

Duvessa is covered in liquid flames!
Duvessa burns!
Duvessa barely misses you.
You hit Duvessa but do no damage.
Duvessa is poisoned.
Duvessa is moderately wounded.
Duvessa burns!
Duvessa hits you with a +0 short sword!
You hit Duvessa but do no damage.
Duvessa looks even sicker.
Duvessa is heavily wounded.
Duvessa burns!
Duvessa hits you with a +0 short sword!
You barely miss Duvessa.
Duvessa is severely wounded.
Duvessa burns!
Dowan points at you and mumbles some strange words.
The puff of flame hits you. You resist. Duvessa misses you.
Unknown command.
It was a potion of curing.
You feel better.
Duvessa burns!
You kill Duvessa!
Dowan seems overcome with grief, but rights himself reflexively soon after.
Dowan seems to find hidden reserves of power!
Casting: Sticky Flame (dangerous; 9% risk of failure)
Confirm with . or Enter, or press ? or * to list all spells.
Aiming: Sticky Flame (dangerous; 9% risk of failure)
Press: ? - help, Shift-Dir - straight line, f - Dowan
Aim: Dowan, wielding a +1 vampiric dagger and wearing a +0 robe (fast, 0% to evade)
The sticky flame hits Dowan.
Dowan is moderately wounded.
Dowan is covered in liquid flames!
Dowan burns!
Dowan barely misses you.
Dowan hits you with a +1 vampiric dagger.
You closely miss Dowan.
Dowan is heavily wounded.
Dowan burns!
Dowan hits you with a +1 vampiric dagger!
* * * LOW HITPOINT WARNING * * *
Your magical contamination has completely faded away.
Unknown command.
You hit Dowan.
Dowan is severely wounded.
Dowan burns!
Dowan gestures at you while chanting. The stone arrow hits you!!
You die...
Your body crumbles into a pile of gold.

##############..##
.................#
.##..###########.#
.##..# #.#
.#...#### #.#
........# #.#
.######.# #.#
.#≈≈≈≈#.#
#$#######
.#§>.≈#.#
#@e......
.#≈._≈#.#
#########
.#≈≈≈≈#.#
.##''##.#
........#
.....#### ######


You could see Dowan (fast, burning).

Vanquished Creatures
  Sigmund (D:2)
  Edmund (D:4)
  Duvessa (D:4)
  A phantom (D:4)
  Jessica (D:3)
  Natasha (twice) (D:3)
  Ijyb (D:3)
  Robin (D:4)
  An adder (D:3)
  A howler monkey skeleton (D:4)
  A worm (D:2)
  3 dart slugs (D:1)
  5 orcs
  9 ball pythons
  12 endoplasms
  18 goblins
  8 hobgoblins
  2 jackals (D:1)
  5 quokkas
  7 bats
  3 frilled lizards
  9 kobolds
  4 rats
97 creatures vanquished.

Vanquished Creatures (others)
  322 foxfires
322 creatures vanquished.

Grand Total: 419 creatures vanquished

Notes
Turn   | Place    | Note
-------+----------+-------------------------------------------
     0 | D:1      | robertstho the Djinni Fire Elementalist began the quest for
                  | the Orb.
     0 | D:1      | Reached XP level 1. HP: 15/15 MP: 0/0
    35 | D:1      | Reached skill level 3 in Spellcasting
    35 | D:1      | Reached XP level 2. HP: 16/22 MP: 0/0
   205 | D:1      | Found a faded altar of an unknown god.
   747 | D:1      | Reached skill level 1 in Fighting
   890 | D:1      | Reached XP level 3. HP: 26/27 MP: 0/0
   890 | D:1      | Learned a level 1 spell: Animate Skeleton
  2048 | D:2      | Noticed Sigmund
  2059 | D:2      | Killed Sigmund
  2060 | D:2      | Reached skill level 4 in Spellcasting
  2060 | D:2      | Reached XP level 4. HP: 2/33 MP: 0/0
  2060 | D:2      | Reached XP level 5. HP: 3/38 MP: 0/0
  2060 | D:2      | Learned a level 2 spell: Ensorcelled Hibernation
  2721 | D:3      | Noticed Ijyb
  2731 | D:3      | Killed Ijyb
  2732 | D:3      | Reached XP level 6. HP: 15/43 MP: 0/0
  2733 | D:3      | Reached skill level 5 in Spellcasting
  2739 | D:3      | Noticed Jessica
  2751 | D:3      | Killed Jessica
  3065 | D:3      | Found a white marble altar of Elyvilon.
  3179 | D:3      | Noticed Natasha
  3185 | D:3      | Killed Natasha
  3453 | D:3      | Noticed Natasha
  3457 | D:3      | Killed Natasha
  3790 | D:4      | Noticed Robin
  3809 | D:4      | Killed Robin
  4050 | D:4      | Found an opulent altar of Gozag.
  4100 | D:4      | Became a worshipper of Gozag Ym Sagoz the Greedy
  4121 | D:4      | Noticed Edmund
  4141 | D:4      | Killed Edmund
  4142 | D:4      | Reached XP level 7. HP: 25/49 MP: 0/0
  4142 | D:4      | Learned a level 3 spell: Ozocubu's Armour
  4293 | D:4      | Found a glowing silver altar of Zin.
  4491 | D:4      | Found a hazy altar of Hepliaklqana.
  4545 | D:4      | Reached skill level 6 in Spellcasting
  4916 | D:4      | Noticed Duvessa
  4916 | D:4      | Noticed Dowan
  4931 | D:4      | Killed Duvessa
  4934 | D:4      | Killed from afar by Dowan

Illustrated notes

Levels and vault maps discovered:
D:1:      saegor_arrival_simple_a, layout_loops_corners, basic_ecumenical_altar
D:2:      layout_rooms, kennysheep_generic_room_15, uniq_sigmund
D:3:      layout_basic, lemuel_tele_altar, uniq_natasha, uniq_jessica, uniq_ijyb
D:4:      minmay_bubble_buster, layout_basic,
          pdpol_temple_overflow_zin_treasury_gozag_greed,
          general_overflow_altar, uniq_duvessa, uniq_edmund, uniq_robin

Skill      XL: |  1  2  3  4  5  6  7 |
---------------+----------------------+-----
Spellcasting   | 3 4 5 6 |  6.4
Fighting       | 1 2 |  2.6
Stealth        | 2 |  2.4
Short Blades   | |  0.9
Dodging        | |  2.8

Action                   |  1- 3 |  4- 6 |  7- 9 || total
-------------------------+-------+-------+-------++-------
Melee: Short sword       |     3 |     1 |       ||     4
       Dagger            |       |       |     6 ||     6
 Cast: Foxfire           |    81 |    87 |    27 ||   195
       Sticky Flame      |       |     2 |     2 ||     4
  Use: Scroll            |       |     2 |       ||     2
       Potion            |       |       |     1 ||     1
Armor: Robe              |     3 |     1 |     2 ||     6
Dodge: Dodged            |    20 |     4 |    13 ||    37

Table legend: (Time is in decaauts)
 A = Elapsed time spent in this place.
 B = Non-inter-level travel time spent in this place.
 C = Inter-level travel time spent in this place.
 D = Time resting spent in this place.
 E = Time spent auto-exploring this place.
 F = Levels seen in this place.
 G = Mean time per level.
                   A        B        C        D        E       F      G
               +--------+--------+--------+--------+--------+-----+--------+
         Total |   4932 |   4837 |     95 |    340 |   3861 |   4 | 1233.0 |
       Dungeon |   4932 |   4837 |     95 |    340 |   3861 |   4 | 1233.0 |
               +--------+--------+--------+--------+--------+-----+--------+

Top non-repeatable levels by time:
     D:1: 1746 daAuts
     D:4: 1304 daAuts
     D:3: 982 daAuts
     D:2: 899 daAuts
